 Dungeon Crawl Stone Soup version 0.15-a0-1766-g0ee8742 (webtiles) character file.

1419 Conan321 the Magician (level 8, -3/43 HPs)
             Began as a Deep Elf Air Elementalist on June 28, 2014.
             Killed from afar by a charred statue (7 damage)
             ... with a puff of flame
             ... on Level 5 of the Dungeon.
             The game lasted 00:42:22 (6900 turns).

Conan321 the Magician (Deep Elf Air Elementalist)   Turns: 6900, Time: 00:42:22

HP  -3/43        AC  3     Str  5      XL: 8   Next: 43%
MP   4/27        EV 14     Int 23      God:
Gold 224         SH  0     Dex 15      Spells:  5 memorised,  9 levels left

rFire  . . .     SeeInvis .     v - +3 dagger
rCold  . . .     Clarity  .     a - +0 robe
rNeg   . . .     rCorr    +     (no shield)
rPois  +         rRot     .     (no helmet)
rElec  .         Spirit   .     m - +0 cloak
SustAb .         Warding  .     (no gloves)
rMut   .         Stasis   .     (no boots)
Gourm  .                        i - amulet of resist corrosion
MR     .....                    s - ring of wizardry
                                w - ring of poison resistance

@: repel missiles, not resistant to hostile enchantments, fairly stealthy
A: no striking features
a: no special abilities


You were on level 5 of the Dungeon.
You were near starving.

You visited 2 branches of the dungeon, and saw 7 of its levels.

You collected 224 gold pieces.

Inventory:

Hand weapons
 q - a +0 blowgun
 v - a +3 dagger (weapon)
 B - a +1 dagger of freezing
 D - a +2 dagger of venom
Missiles
 p - 40 sling bullets
 y - 25 poisoned needles
Armour
 a - a +0 robe (worn)
 m - a +0 cloak (worn)
 o - a +0 cloak
Magical devices
 n - a wand of flame (10)
Comestibles
 c - 3 bread rations
 k - 2 beef jerkies
 x - 4 fruits
 z - a rotting chunk of orc flesh
Scrolls
 d - 6 scrolls of identify
 f - a scroll of magic mapping
 h - 5 scrolls of amnesia
 j - 2 scrolls of immolation
 l - 2 scrolls of enchant weapon
Jewellery
 i - an amulet of resist corrosion (around neck)
 s - a ring of wizardry (right hand)
 w - a ring of poison resistance (left hand)
Potions
 g - a potion of restore abilities
Books
 b - a book of Air

   Spells                             Type                      Level
   *Shock                             Conjuration/Air              1
   *Swiftness                         Charms/Air                   2
   *Repel Missiles                    Charms/Air                   2
   Flight                             Charms/Air                   3
   *Static Discharge                  Conjuration/Air              3
   *Lightning Bolt                    Conjuration/Air              5


   Skills:
 + Level 1.5 Fighting
 + Level 0.2 Short Blades
   Level 0.1 Polearms
 + Level 2.5 Throwing
 + Level 4.8 Dodging
 + Level 3.8 Stealth
   Level 0.4 Shields
 + Level 0.1 Unarmed Combat
 + Level 7.7 Spellcasting
 + Level 5.0 Conjurations
 + Level 1.1 Charms
 + Level 5.7 Air Magic


You had 9 spell levels left.
You knew the following spells:

 Your Spells              Type           Power        Failure   Level  Hunger
a - Shock                 Conj/Air       ####         1%          1    None
b - Swiftness             Chrm/Air       ###.....     1%          2    None
c - Static Discharge      Conj/Air       ####....     1%          3    None
d - Repel Missiles        Chrm/Air       ###...       1%          2    None
e - Lightning Bolt        Conj/Air       ####......   10%         5    ####...


Dungeon Overview and Level Annotations

Branches:
Dungeon (6/15)             Temple (1/1) D:5

Altars:
Ashenzari
Cheibriados
Dithmenos
Fedhas
Gozag
Kikubaaqudgha
Okawaru
Qazlal
Sif Muna
Trog
Vehumet
Xom
Zin
The Shining One

Annotations:
D:5 exclusion: statue, onwiheg's ghost, experienced FoFi


Message History

Casting: Lightning Bolt
Confirm with . or Enter, or press ? or * to list all spells.
You are already protected from missiles.
Casting: Repel Missiles
Confirm with . or Enter, or press ? or * to list all spells.
Okay, then.
Read which item? (? for menu, Esc to quit)
Okay, then.
Wield which item (- for none, * to show all)? (? for menu, Esc to quit)
Your +2 dagger of venom stops dripping with poison.
v - a +3 dagger (weapon)
You hit the charred statue but do no damage.
The charred statue is lightly damaged.
You hit the charred statue but do no damage.
The charred statue is lightly damaged.
You hit the charred statue but do no damage.
The charred statue is lightly damaged.
The charred statue throws fire at you. The puff of flame hits you!
You die...

# #.# #...# #.# #...#
#.### #...#
#...#####.#.##
########...........#
#........#########.#
#.###....#.....§§#..#
#.##...#....._§8§#...#
'........#....§§@#.. .
#.##.....#########..
#.###..#...........>####
#......#######......>..#
#####.## #.........# #.#
#.........# #.#
#........?# #.#
#.........# #.#
#######B###


You could see a charred statue.

Vanquished Creatures
  Grinder (D:5)
  A centaur (D:4)
  2 ogres
  Sigmund (D:2)
  A giant frog (D:6)
  A scorpion (D:5)
  A goliath beetle (D:5)
  A crimson imp (D:5)
  2 hounds (D:4)
  A black bear zombie (D:5)
  6 orc wizards
  2 orc priests
  2 iguanas (D:4)
  3 worker ants
  A hound skeleton (D:4)
  7 adders
  3 gnolls (D:2)
  2 worms
  An orc skeleton (D:5)
  An adder skeleton (D:4)
  16 orcs
  2 ball pythons
  2 giant cockroaches
  7 goblins
  6 hobgoblins
  15 jackals
  13 kobolds
  15 bats
  4 giant geckos
  8 giant newts
  A jackal zombie (D:6)
  A kobold skeleton (D:5)
  9 rats
139 creatures vanquished.

Vanquished Creatures (others)
  A hobgoblin (D:4)
1 creature vanquished.

Grand Total: 140 creatures vanquished

Notes
Turn   | Place    | Note
--------------------------------------------------------------
     0 | D:1      | Conan321, the Deep Elf Air Elementalist, began the quest for the Orb.
     0 | D:1      | Reached XP level 1. HP: 10/10 MP: 5/5
   426 | D:1      | Reached XP level 2. HP: 13/15 MP: 4/8
   465 | D:1      | Learned a level 2 spell: Swiftness
  1193 | D:2      | Reached XP level 3. HP: 15/19 MP: 0/11
  1298 | D:2      | Learned a level 3 spell: Static Discharge
  1452 | D:2      | Noticed Sigmund
  1650 | D:2      | Killed Sigmund
  1650 | D:2      | Reached skill level 4 in Spellcasting
  1650 | D:2      | Reached XP level 4. HP: 16/24 MP: 6/15
  1717 | D:2      | Gained mutation: Your spells are a little easier to cast, but a little less powerful. [potion of mutation]
  1717 | D:2      | Gained mutation: You are agile. (Dex +2) [potion of mutation]
  1717 | D:2      | Gained mutation: Your muscles are strong. (Str +2) [potion of mutation]
  1719 | D:2      | Lost mutation: Your muscles are strong. (Str +2) [potion of cure mutation]
  1719 | D:2      | Lost mutation: Your spells are a little easier to cast, but a little less powerful. [potion of cure mutation]
  1719 | D:2      | Lost mutation: You are agile. (Dex +2) [potion of cure mutation]
  1789 | D:2      | Reached XP level 5. HP: 28/28 MP: 12/18
  2699 | D:3      | Reached skill level 5 in Spellcasting
  2916 | D:3      | Reached XP level 6. HP: 17/33 MP: 12/21
  3221 | D:4      | Learned a level 2 spell: Repel Missiles
  3565 | D:4      | Reached XP level 7. HP: 17/37 MP: 0/23
  3692 | D:4      | Found a blossoming altar of Fedhas.
  3702 | D:4      | Reached skill level 1 in Fighting
  3925 | D:4      | Found a shattered altar of Ashenzari.
  3937 | D:4      | Reached skill level 6 in Spellcasting
  4063 | D:4      | Found a stormy altar of Qazlal.
  4137 | D:4      | Found a deep blue altar of Sif Muna.
  4197 | D:5      | Entered Level 5 of the Dungeon
  4251 | D:5      | Noticed onwiheg's ghost (experienced FoFi)
  5010 | D:4      | Reached skill level 5 in Air Magic
  5026 | D:4      | Learned a level 5 spell: Lightning Bolt
  5392 | D:5      | Found a shimmering altar of Xom.
  5412 | D:5      | Reached skill level 7 in Spellcasting
  5598 | D:5      | Paralysed by a potion of paralysis for 6 turns
  5607 | D:5      | Reached XP level 8. HP: 28/43 MP: 10/26
  5685 | D:5      | Found a radiant altar of Vehumet.
  6226 | D:5      | Noticed Grinder
  6238 | D:5      | Killed Grinder
  6238 | D:5      | Reached skill level 5 in Conjurations
  6511 | D:5      | Found a staircase to the Ecumenical Temple.
  6550 | Temple   | Entered the Ecumenical Temple
  6701 | D:5      | Reached skill level 1 in Charms
  6867 | D:5      | HP: 2/43 [hound (3)]
  6876 | D:5      | HP: 2/43 [hound (2)]
  6900 | D:5      | Killed from afar by a charred statue

Action                   |  1- 3 |  4- 6 |  7- 9 || total
-------------------------+-------+-------+-------++-------
Melee: Unarmed           |    13 |       |       ||    13
       Scythe            |       |    11 |       ||    11
       Dagger            |       |    12 |    31 ||    43
 Fire: Blowgun           |       |       |     8 ||     8
Throw: Stone             |     2 |       |    45 ||    47
 Cast: Shock             |    67 |   134 |   142 ||   343
       Swiftness         |     1 |       |     2 ||     3
       Static Discharge  |       |    13 |    31 ||    44
       Repel Missiles    |       |     1 |     1 ||     2
       Lightning Bolt    |       |       |     7 ||     7
Evoke: Wand              |       |       |     3 ||     3
  Use: Scroll            |     8 |       |     7 ||    15
       Potion            |       |     4 |     8 ||    12
 Stab: Sleeping          |       |     1 |     1 ||     2
